 Dungeon Crawl Stone Soup version 0.29-a0-284-gf9362112df (webtiles) character file.

Game seed: 1429178746149108492

462 pascalblue the Gusty (level 6, -6/32 HPs)
             Began as a Deep Elf Air Elementalist on Mar 24, 2022.
             Mangled by Eustachio
             ... wielding a +0 rapier
              (7 damage)
             ... on level 4 of the Dungeon.
             The game lasted 00:13:29 (5155 turns).

pascalblue the Gusty (Deep Elf Air Elementalist)    Turns: 5155, Time: 00:13:29

Health: -6/32      AC:  5    Str:  5    XL:     6   Next: 79%
Magic:  0/15       EV: 13    Int: 22    God:
Gold:   340        SH:  0    Dex: 21    Spells: 8/15 levels left

rFire   x . .      SeeInvis .   p - +4 long sword (holy)
rCold   + . .      Faith    .   (no shield)
rNeg    . . .      Spirit   .   a - +0 robe
rPois   .          Reflect  .   h - +0 helmet
rElec   .          Harm     .   f - +0 cloak
rCorr   .          Rampage  .   s - +0 pair of gloves
Will    .....                   (no boots)
Stlth   ++........              (no amulet)
HPRegen 0.10/turn               j - +6 ring of dexterity
MPRegen 0.14/turn               m - ring of ice

@: no status effects
A: no striking features
a: no special abilities


You were on level 4 of the Dungeon.
You visited 1 branch of the dungeon, and saw 5 of its levels.

You collected 340 gold pieces.

Inventory:

Hand Weapons
 c - a +0 short sword
 p - a +4 long sword of holy wrath (weapon)
Missiles
 t - 2 poisoned darts
 x - a throwing net
Armour
 a - a +0 robe (worn)
 f - a +0 cloak (worn)
 h - a +0 helmet (worn)
 s - a +0 pair of gloves (worn)
Magical Staves
 d - a staff of death
Jewellery
 j - a +6 ring of dexterity (left hand)
 m - a ring of ice (right hand)
 n - a ring of protection from fire
 y - a ring of protection from fire
Wands
 r - a wand of iceblast (11)
Scrolls
 e - a scroll of magic mapping
 k - a scroll of blinking
 l - a scroll of fog
 v - 2 scrolls of vulnerability
 w - a scroll of summoning
Potions
 b - a potion of mutation {unknown}
 g - a potion of might
 i - a potion of resistance
 o - a potion of flight {unknown}
 q - 2 potions of heal wounds
 u - a potion of curing


   Skills:
 - Level 2.4 Dodging
 - Level 2.4 Stealth
 + Level 5.0 Spellcasting
 * Level 4.8 Conjurations
 * Level 5.4 Air Magic


You had 8 spell levels left.
You knew the following spells:

 Your Spells              Type           Power      Damage    Failure   Level
a - Shock                 Conj/Air       100%       1d9       1%          1
b - Static Discharge      Conj/Air       28%        N/A       1%          2
c - Airstrike             Air            14%        N/A       11%         4

Your spell library contained the following spells:

 Spells                   Type           Power      Damage    Failure   Level
 Swiftness                Air            29%        N/A       3%          3
 Blink                    Tloc           10%        N/A       16%         2
 Lesser Beckoning         Tloc           5%         N/A       30%         3
 Manifold Assault         Tloc           5%         N/A       95%         5


Dungeon Overview and Level Annotations

Branches:
Dungeon (5/15)
 Temple: D:4-7

Altars:
Ashenzari
Elyvilon
Makhleb
Uskayaw

Annotations:
D:3 1 runed translucent door, HuGe's ghost, amateur MiBe
D:4 Eustachio


Message History

You don't have enough magic to cast this spell.
Unknown command.
You barely miss Eustachio.
Eustachio is severely wounded.
Eustachio hits you with a +0 rapier.
* * * LOW HITPOINT WARNING * * *
You barely miss Eustachio.
Eustachio is severely wounded.
Eustachio casts a spell.
Eustachio blinks!
Eustachio gestures wildly while chanting.
Eustachio blinks!
Eustachio gestures wildly while chanting.
Eustachio blinks!
You hit Eustachio but do no damage.
Eustachio is severely wounded.
Eustachio hits you but does no damage.
Eustachio says, "My allies will avenge me."
Eustachio barely misses you.
You hit Eustachio but do no damage.
Eustachio is severely wounded.
Eustachio barely misses you.
Eustachio casts a spell.
Eustachio blinks!
Unknown command.
Casting: Shock (safe; 1% risk of failure)
Confirm with . or Enter, or press ? or * to list all spells.
Eustachio is struck by an arc of lightning.
Eustachio is severely wounded.
You are struck by an arc of lightning.
* * * LOW HITPOINT WARNING * * *
The lightning grounds out.
Eustachio yells, "Perjured traitor, DIE!"
Eustachio barely misses you.
You completely miss Eustachio.
Eustachio is severely wounded.
Eustachio hits you with a +0 rapier!
* * * LOW HITPOINT WARNING * * *
Eustachio hits you with a +0 rapier!
You die...

#..# ######..#
........## #....)
#...## #.# ##.###
#######.#####...##
#@....#.#.....#..#
#@# #.#####....#
#.# #.# ####)# #.#
#.# #... #.# ##.#
##...
#.####..######....
#......###.....#..
######.# #..######
#.# #........
#.###########


You could see Eustachio.

Vanquished Creatures
  A scorpion (D:4)
  A gnoll shaman (D:4)
  A hound (D:4)
  An orc priest (D:5)
  An iguana (D:4)
  Ijyb (D:3)
  3 orc wizards (D:5)
  Robin (D:4)
  4 gnolls (D:4)
  6 adders
  A worm (D:3)
  A dart slug (D:1)
  4 orcs
  4 ball pythons
  4 bats
  8 endoplasms
  2 giant cockroaches
  9 goblins
  14 hobgoblins
  A jackal (D:4)
  4 quokkas
  7 kobolds
  6 rats
85 creatures vanquished.

Vanquished Creatures (others)
  8 plants (D:4)
  3 toadstools (D:3)
11 creatures vanquished.

Grand Total: 96 creatures vanquished

Notes
Turn   | Place    | Note
-------+----------+-------------------------------------------
     0 | D:1      | pascalblue the Deep Elf Air Elementalist began the quest
                  | for the Orb.
     0 | D:1      | Reached XP level 1. HP: 10/10 MP: 6/6
   185 | D:1      | Reached XP level 2. HP: 15/15 MP: 2/8
   188 | D:1      | Learned a level 2 spell: Static Discharge
   934 | D:1      | Reached XP level 3. HP: 19/19 MP: 6/9
  1512 | D:2      | Found a faded altar of an unknown god.
  2007 | D:2      | Reached XP level 4. HP: 24/24 MP: 7/11
  2111 | D:2      | Learned a level 4 spell: Airstrike
  2550 | D:3      | Found a burning altar of Makhleb.
  2550 | D:3      | Noticed Ijyb
  2556 | D:3      | Killed Ijyb
  2904 | D:3      | Found a hide-covered altar of Uskayaw.
  3003 | D:3      | Found a runed translucent door.
  3004 | D:3      | Noticed HuGe's ghost (amateur MiBe)
  3185 | D:3      | You fall into a shaft and drop 2 floors!
  3185 | D:5      | Entered Level 5 of the Dungeon
  3189 | D:5      | Reached XP level 5. HP: 7/28 MP: 8/13
  3615 | D:5      | Found a broken altar of Ashenzari.
  3726 | D:4      | Reached XP level 6. HP: 29/32 MP: 10/14
  3776 | D:4      | Found a white marble altar of Elyvilon.
  3975 | D:4      | Noticed Robin
  3978 | D:4      | Killed Robin
  3979 | D:4      | Reached skill level 5 in Air Magic
  4931 | D:4      | Reached skill level 5 in Spellcasting
  5122 | D:4      | Noticed Eustachio
  5155 | D:4      | HP: 1/32 [Eustachio/+0 rapier (7)]
  5155 | D:4      | Mangled by Eustachio

Illustrated notes

Levels and vault maps discovered:
D:1:      nicolae_arrival_somewhat_less_tricky_arrival, layout_basic,
          dreamdust_princess_corridor
D:2:      layout_loops_ring, basic_ecumenical_altar,
          minmay_misc_feat_secret_circle, kennysheep_small_spiral
D:3:      layout_loops_corners, mainiacjoe_overflow_24_doors,
          mainiacjoe_overflow_catwalk, ebering_ghost_reflecting_pool,
          minmay_gold_behind_fungi, kennysheep_cluttered_room,
          minmay_misc_feat_ornament, uniq_ijyb
D:4:      layout_loops_ring, nicolae_elyvilon_temple_path,
          serial_co_window_serial, co_window_paths_b, co_window_cross_1,
          co_window_corner_a, co_window_paths_b, co_window_paths_b,
          co_window_of_opportunity_a, co_window_corner_a,
          co_window_of_opportunity_c, co_window_unsneaky_path_a,
          co_window_corner_b, co_window_2corner, co_window_corner_ca,
          co_window_broadway_b, co_window_paths_c, glass_columns_b, uniq_robin,
          uniq_eustachio, uniq_crazy_yiuf_cottage, uniq_menkaure
D:5:      layout_basic, evilmike_ruin_ashenzari,
          minmay_temple_entry_stoned_glass, serial_glass, glass_columns_c,
          glass_columns_a, glass_columns_b, glass_columns_c,
          chequers_serial_rivers_small_b, kennysheep_nub

Skill      XL: |  1  2  3  4  5  6 |
---------------+-------------------+-----
Conjurations   | 2 3 4 |  4.8
Air Magic      | 4 5 |  5.4
Spellcasting   | 4 5 |  5.0
Dodging        | |  2.4
Stealth        | |  2.4

Action                   |  1- 3 |  4- 6 || total
-------------------------+-------+-------++-------
Melee: Long sword        |       |    14 ||    14
 Cast: Shock             |    86 |    94 ||   180
       Static Discharge  |       |    13 ||    13
       Airstrike         |       |     2 ||     2
  Use: Scroll            |     4 |    10 ||    14
       Potion            |       |     1 ||     1
Armor: Robe              |     3 |     8 ||    11
Dodge: Dodged            |    10 |    29 ||    39

Table legend: (Time is in decaauts)
 A = Elapsed time spent in this place.
 B = Non-inter-level travel time spent in this place.
 C = Inter-level travel time spent in this place.
 D = Time resting spent in this place.
 E = Time spent auto-exploring this place.
 F = Levels seen in this place.
 G = Mean time per level.
                   A        B        C        D        E       F      G
               +--------+--------+--------+--------+--------+-----+--------+
         Total |   5157 |   5032 |    125 |    308 |   4107 |   5 | 1031.4 |
       Dungeon |   5157 |   5032 |    125 |    308 |   4107 |   5 | 1031.4 |
               +--------+--------+--------+--------+--------+-----+--------+

Top non-repeatable levels by time:
     D:3: 1384 daAuts
     D:1: 1351 daAuts
     D:2: 1038 daAuts
     D:4: 904 daAuts
     D:5: 478 daAuts
